[Event "Team 45 45 League T30"]
[Site "Internet Chess Club"]
[Date "2006.05.12"]
[Round "8"]
[White "BartL"]
[Black "pumba"]
[Result "1-0"]
[WhiteElo "1644"]
[BlackElo "1493"]
[TimeControl "2700+45"]

1. e4 e6 2. d4 d5 3. Nc3 Bb4 4. e5 c5 5. a3 Bxc3+ 6. bxc3 b6 7. Qg4 Kf8 8. Bd3
Ba6 9. Bxa6 Nxa6 10. Ne2 Ne7 11. O-O c4 12. a4 Nf5 13. Ng3 Nxg3 14. Qxg3 f6 15.
exf6 gxf6 16. Ba3+ Kf7 17. Rfe1 Qd7 18. Qh3 h5 19. Bc1 Rag8 20. Qf3 Rg6 21. Re5
f5 22. Bf4 Nc7 23. Ree1 h4 24. h3 Ne8 25. Qe3 Rhg8 26. g3 hxg3 27. fxg3 Nf6 28.
Kh2 Ne4 29. Rg1 Qe7 30. a5 Ng5 31. Bxg5 Rxg5 32. axb6 axb6 33. Qe5 R5g6 34. Rab1
Qa7 35. Qd6 f4 36. Qxf4+ Rf6 37. Qe3 Qc7 38. Rgf1 Qe7 39. Rxf6+ Qxf6 40. Rxb6
Qg6 41. Qf4+ Kg7 42. Rb7+ Kh8 43. Qe5+ Rg7 44. Qxg7+ Qxg7 45. Rxg7 Kxg7 46. g4
Kg6 47. Kg3 Kg5 48. h4+ Kh6 49. Kf4 Kg6 50. Ke5 Kf7 51. h5 {Black resigns} 1-0 
aics%  LeChessClub(340): way to go Bart...Les maitres go marching on aics%

[Event "Team 45 45 League T30"]
[Site "Internet Chess Club"]
[Date "2006.05.14"]
[Round "8"]
[White "Knight77"]
[Black "mambomex"]
[Result "0-1"]
[WhiteElo "1784"]
[BlackElo "1636"]
[TimeControl "2700+45"]

1. Nf3 Nf6 2. g3 g6 3. Bg2 Bg7 4. O-O O-O 5. d3 d5 6. Nbd2 c5 7. e4 e6 8. Re1
Re8 9. e5 Nfd7 10. Nf1 Nc6 11. Bf4 h6 12. h4 f6 13. exf6 Qxf6 14. Qd2 Qxb2 15.
Bxh6 Bc3 16. Qg5 Nf8 17. Bxf8 Kxf8 18. Qh6+ Ke7 19. Ne3 Kd8 20. Reb1 Qa3 21.
Qg5+ Ne7 22. Rb3 Qxb3 23. cxb3 Bxa1 24. Ne5 Bxe5 25. Qxe5 Bd7 26. Ng4 Nf5 27.
Qf6+ Kc7 28. Qe5+ Nd6 29. Nf6 Rf8 30. Bh3 Rad8 31. Bxe6 Bxe6 32. Qxe6 d4 33.
Nd5+ Kc6 34. Ne7+ Kc7 35. Nxg6 Rf7 36. Qe1 b6 37. b4 Re8 38. Qc1 Nb7 39. Nf4 Rd7
40. Qc4 Kb8 41. Qb5 Ree7 42. bxc5 Nxc5 43. a4 Rd8 44. a5 Kb7 45. Ng6 Re2 46. h5
Rd2 47. Ne5 Re2 48. a6+ Kc8 49. Qc6+ Kb8 50. Qf6 Kc8 51. Nc6 Rd7 52. Nxd4 Re1+
53. Kg2 Nxa6 54. h6 Nc7 55. Qf5 Re7 56. Nf3 Kb7 57. Ne5 Rd5 58. h7 Rexe5 59.
Qxe5 Rxe5 60. h8=Q Rd5 61. Qh7 a5 62. Qe4 b5 63. f4 a4 64. f5 a3 65. f6 a2 66.
Qe1 Rxd3 67. Qa1 Ra3 68. f7 Ne6 69. Qe5 a1=Q 70. Qxb5+ Kc7 71. Qc4+ Kd6 72. Qb4+
Ke5 73. Qb5+ Kf6 74. f8=Q+ Nxf8 75. Qb6+ Ne6 76. Qf2+ Ke7 77. Kh3 Qh1+ 78. Kg4
Ra4+ {White resigns} 0-1  aics%

[Event "Team 45 45 League T30"]
[Site "Internet Chess Club"]
[Date "2006.05.16"]
[Round "8"]
[White "arriero55"]
[Black "tammany"]
[Result "0-1"]
[WhiteElo "1632"]
[BlackElo "1643"]
[TimeControl "2700+45"]

1. e4 c5 2. Nf3 g6 3. d4 cxd4 4. Nxd4 Nc6 5. Nxc6 bxc6 6. Be2 Bg7 7. c4 Qb6 8.
Qc2 Bd4 9. O-O Rb8 10. Nc3 Be5 11. Rb1 Qc7 12. g3 Bg7 13. Be3 Nh6 14. Bf4 d6 15.
Qd2 Ng4 16. Nd1 O-O 17. Ne3 Nxe3 18. Bxe3 Bh3 19. Rfd1 f5 20. exf5 Bxf5 21. Bd3
Bxd3 22. Qxd3 Rxb2 23. Rxb2 Bxb2 24. Bh6 Rf5 25. g4 Rf7 26. Rb1 Be5 27. h3 a5
28. Qb3 Bg7 29. Qb8+ Qxb8 30. Rxb8+ Rf8 31. Rxf8+ Bxf8 32. Bxf8 Kxf8 33. Kg2 d5
34. c5 e5 35. Kf3 g5 36. Ke3 Ke7 37. a4 Ke6 38. f3 d4+ 39. Ke4 h6 40. f4 exf4
41. Kxd4 f3 42. Kd3 Kd5 43. Ke3 Kxc5 44. Kxf3 Kb4 45. Kg3 c5 46. h4 c4 47. hxg5
hxg5 48. Kf2 c3 49. Ke1 Kb3 50. Kd1 Kb2 {White resigns} 0-1  aics%

[Event "Team 45 45 League T30"]
[Site "Internet Chess Club"]
[Date "2006.05.11"]
[Round "8"]
[White "dougmo"]
[Black "egd01"]
[Result "0-1"]
[WhiteElo "1508"]
[BlackElo "1617"]
[TimeControl "2700+45"]

1. e4 c5 2. Nc3 d6 3. f4 Nc6 4. Nf3 g6 5. Bc4 Bd7 6. O-O Na5 7. Bb5 Nc6 8. Bxc6
Bxc6 9. d3 Bg7 10. Qe1 Qd7 11. Bd2 b5 12. Rb1 e6 13. e5 d5 14. Qh4 Ne7 15. g4 h5
16. f5 hxg4 17. Qxg4 gxf5 18. Qg2 d4 19. Ne2 Qb7 20. Bg5 Bxe5 21. Bxe7 Bxf3 22.
Rxf3 Qxe7 23. Rh3 Kd7 24. Rxh8 Rxh8 25. Qb7+ Bc7 26. Ng3 Qh4 27. Qg2 Rg8 28. Qf2
f4 29. Rf1 Rg7 {White resigns} 0-1  aics%

[Event "Team 45 45 League T30"]
[Site "Internet Chess Club"]
[Date "2006.05.12"]
[Round "8"]
[White "blancaas"]
[Black "Two-DogMan"]
[Result "1-0"]
[WhiteElo "1778"]
[BlackElo "1532"]
[TimeControl "2700+45"]

1. d4 d5 2. c4 e6 3. Nf3 Nf6 4. Nc3 Bb4 5. Qc2 Ne4 6. e3 c6 7. Bd3 Bxc3+ 8. bxc3
Nd7 9. Bxe4 dxe4 10. Qxe4 Nf6 11. Qc2 O-O 12. O-O b6 13. Ba3 Re8 14. Rfd1 Qc7
15. e4 Bb7 16. e5 Nd7 17. c5 Qd8 18. Nd2 Qe7 19. Ne4 f5 20. Nd6 Reb8 21. Qb3 b5
22. Nxf5 Qf7 23. Nd6 Qg6 24. c4 a6 25. Qd3 Nf8 26. Qxg6 Nxg6 27. Bc1 bxc4 28.
Nxc4 a5 29. Rb1 a4 30. Nd6 Ba6 31. Be3 Ne7 32. Rdc1 Nd5 33. g3 Rxb1 34. Rxb1 Nc3
35. Rb6 Be2 36. Rxc6 Bf3 37. Rb6 Nxa2 38. c6 h6 39. c7 Kh7 40. c8=Q Rxc8 41.
Nxc8 Nc3 42. Bd2 Nd5 43. Ra6 Bd1 44. Nd6 Bb3 45. Ne4 Nc7 46. Ra5 Kg6 47. Nc3 Kf5
48. Nxa4 Bxa4 49. Rxa4 Nb5 50. Be3 g5 51. Ra8 Nc3 52. Rh8 Kg6 53. h4 Ne4 54.
hxg5 hxg5 55. Kg2 Kg7 56. f3 Nc3 57. Rh5 g4 58. Rg5+ Kf7 59. Rxg4 Nd5 60. Rf4+
Ke7 61. Bc1 Nc3 62. g4 Ne2 63. Ba3+ Kd7 64. Rf7+ Kc6 65. g5 Kd5 66. g6 {Black
resigns} 1-0  aics%  Tatiana19(71): por fin ya es viernes! aics%  Theodulf(340):
day aics%

[Event "Team 45 45 League T30"]
[Site "Internet Chess Club"]
[Date "2006.05.15"]
[Round "8"]
[White "SandiaCaveMan"]
[Black "Mutaant"]
[Result "0-1"]
[WhiteElo "1347"]
[BlackElo "1429"]
[TimeControl "2700+45"]

1. d4 d5 2. Nf3 Bg4 3. e3 Nf6 4. Nbd2 e6 5. Bd3 Bb4 6. c3 Ba5 7. O-O Nc6 8. b4
Bb6 9. a4 a5 10. b5 Ne7 11. Qc2 O-O 12. Ne5 Bf5 13. e4 dxe4 14. Nxe4 Nd7 15. Nf3
h6 16. Nh4 Bh7 17. f4 Nd5 18. g3 e5 19. c4 Bxd4+ 20. Kh1 Bxa1 21. Ba3 Ne3 22.
Qa2 Nxf1 23. Qxa1 Nxg3+ 24. hxg3 Re8 25. f5 Nb6 26. Qf1 Qd4 27. Bc5 Qd7 28. f6
Qg4 29. fxg7 Bxe4+ 30. Bxe4 Qxe4+ 31. Kh2 Kxg7 32. Nf5+ Kh7 33. Nd6 Qc2+ 34. Kh3
Rg8 35. Nxf7 Qxc4 36. Qf5+ Rg6 37. Nxe5 Qg8 38. Bxb6 cxb6 39. Qd7+ Rg7 40. Qf5+
Kh8 41. g4 Qb3+ 42. Kh4 Qd1 43. Qh5 Qh1+ 44. Kg3 Qxh5 45. g5 Rf8 46. g6 Qxe5+
{White resigns} 0-1  aics%

[Event "Team 45 45 League T30"]
[Site "Internet Chess Club"]
[Date "2006.05.15"]
[Round "8"]
[White "JLMOE"]
[Black "Traho"]
[Result "0-1"]
[WhiteElo "1507"]
[BlackElo "1296"]
[TimeControl "2700+45"]

1. d4 Nf6 2. Nf3 d5 3. e3 Bf5 4. Nc3 h6 5. h3 e6 6. Ne5 Nbd7 7. Bd2 Nxe5 8. dxe5
Nd7 9. Bd3 Bxd3 10. cxd3 Nxe5 11. Qc2 a6 12. Ne2 Nc6 13. a3 Be7 14. Qb3 b5 15.
Rc1 Qd7 16. O-O O-O 17. Rc2 Rfc8 18. Rfc1 Ne5 19. Nf4 Bd6 20. Bc3 Ng6 21. Nxg6
fxg6 22. Qa2 c5 23. b4 c4 24. dxc4 Rxc4 25. Qa1 Rac8 26. Qb2 Be7 27. Bd4 Bf6 28.
Rxc4 Rxc4 29. Rxc4 dxc4 30. f4 Bxd4 31. exd4 Qd5 32. Kf2 Qe4 33. Qe2 Qxf4+ 34.
Ke1 Qd6 35. Qe3 Qd7 36. Kd2 Qf7 37. Kc3 g5 38. g3 Qf6 39. Qe4 h5 40. Qa8+ Kh7
41. Qe4+ Qf5 42. Qxf5+ exf5 43. d5 Kg8 44. d6 Kf8 45. d7 Ke7 46. Kd4 Kxd7 47.
Ke3 Kd6 48. Kd4 g6 49. a4 h4 50. axb5 axb5 51. g4 fxg4 52. hxg4 h3 {White
resigns} 0-1  aics%  jaguar07503(71): es amplia la diferencia? aics%

[Event "Team 45 45 League T30"]
[Site "Internet Chess Club"]
[Date "2006.05.12"]
[Round "8"]
[White "littleboo"]
[Black "PaleMorningDun"]
[Result "1-0"]
[WhiteElo "1306"]
[BlackElo "1307"]
[TimeControl "2700+45"]

1. e4 d5 2. exd5 Nf6 3. c4 e6 4. dxe6 Bxe6 5. d4 Bb4+ 6. Bd2 Bxd2+ 7. Qxd2 Qe7
8. Qe2 Qb4+ 9. Nc3 O-O 10. O-O-O Nbd7 11. Qd3 Rad8 12. Nf3 Nc5 13. Qc2 Na6 14.
Nb5 Qa5 15. a3 c6 16. b4 Nxb4 17. axb4 Qa1+ 18. Kd2 Qa6 19. Nc7 Qb6 20. Nxe6
Qxb4+ 21. Kc1 Qa3+ 22. Qb2 Qxb2+ 23. Kxb2 fxe6 24. Ra1 a6 25. Re1 Ng4 26. Re2
Rfe8 27. Kc3 Nf6 28. Ng5 Rd6 29. c5 Nd5+ 30. Kb3 Rd7 31. Rxe6 Rxe6 32. Nxe6 Re7
33. Ng5 Re1 34. Nxh7 Nf4 35. Bc4+ Kxh7 36. Rxe1 Nxg2 37. Re4 Kh6 38. Bf1 {Black
resigns} 1-0  aics%  rmjose(71): ) aics%

[Event "Team 45 45 League T30"]
[Site "Internet Chess Club"]
[Date "2006.05.11"]
[Round "8"]
[White "dcuprill"]
[Black "fabill"]
[Result "0-1"]
[WhiteElo "1126"]
[BlackElo "1206"]
[TimeControl "2700+45"]

1. e4 e6 2. Nf3 h6 3. d4 d6 4. Nc3 a6 5. e5 Nd7 6. exd6 Bxd6 7. Bc4 Ngf6 8. d5
e5 9. O-O Nb6 10. b3 Nxc4 11. bxc4 b6 12. Qe2 Qe7 13. Ne4 Nxe4 14. Qxe4 f5 15.
Qe1 a5 16. Bb2 O-O 17. Nxe5 Qf6 18. f4 Ba6 19. Nd7 Qxb2 20. Nxf8 Rxf8 21. Qe6+
Kh8 22. Qg6 Bxc4 23. Rfe1 Qd4+ 24. Kh1 Bxd5 25. Rad1 Qc5 26. Re8 Qxc2 27. Rxf8+
Bxf8 28. Rf1 Bc4 29. Rg1 Bc5 30. Qe8+ Kh7 31. Qe1 Bxg1 32. Kxg1 Qxa2 33. h3 Qe2
34. Qc3 Qd3 35. Qe5 c6 36. h4 Bd5 37. h5 Qe4 38. Kf2 Qxe5 39. fxe5 a4 {White
resigns} 0-1  aics%

[Event "Team 45 45 League T30"]
[Site "Internet Chess Club"]
[Date "2006.05.13"]
[Round "8"]
[White "ChessZak"]
[Black "Tomate"]
[Result "1-0"]
[WhiteElo "1454"]
[BlackElo "1345"]
[TimeControl "2700+45"]

1. d4 Nf6 2. c4 g6 3. Nc3 Bg7 4. Nf3 d6 5. Bg5 O-O 6. e3 Nc6 7. Bd3 b6 8. Bxf6
Bxf6 9. Be4 Bb7 10. Qa4 Qe8 11. O-O a5 12. Nd5 Qd7 13. Nxf6+ exf6 14. Rac1 Qe8
15. c5 Qxe4 16. cxb6 cxb6 17. Qb5 Ba6 18. Qxc6 Qxc6 19. Rxc6 Bxf1 20. Kxf1 Rfd8
21. Rxb6 Kf8 22. Nd2 Ke7 23. Ne4 h6 24. Rb7+ Ke6 25. Ke2 Rab8 26. Rxb8 Rxb8 27.
b3 Rc8 28. Kd3 f5 29. Nd2 d5 30. Nf3 g5 31. h4 gxh4 32. Nxh4 Rc1 33. Nf3 Rd1+
34. Nd2 Rc1 35. g3 h5 36. a3 Ra1 37. a4 Rc1 38. Nf3 f6 39. Nd2 Kd6 40. Nf3 Ke6
41. Nd2 Rc8 42. Nf3 Kf7 43. Kd2 Kg6 44. Nh4+ Kg5 45. f3 Rc7 46. Kd3 Re7 47. Ng2
Kh6 48. Nf4 Rd7 49. Ne6 Kg6 50. Nf8+ {Black resigns} 1-0  aics%  spaceibiza(71):
estas tu ahi pa verlo guanche xd aics%

[Event "Team 45 45 League T30"]
[Site "Internet Chess Club"]
[Date "2006.05.13"]
[Round "8"]
[White "Visin"]
[Black "klt713"]
[Result "1-0"]
[WhiteElo "1386"]
[BlackElo "1316"]
[TimeControl "2700+45"]

1. Nf3 Nc6 2. d4 d5 3. Nc3 Nf6 4. Bg5 Bg4 5. e3 e6 6. Be2 Bxf3 7. Bxf3 Be7 8.
O-O Qd7 9. Bf4 a6 10. Re1 O-O-O 11. a3 Kb8 12. b4 h5 13. b5 axb5 14. Nxb5 Bd6
15. Nxd6 cxd6 16. Bg5 Rdg8 17. Qd3 Qc7 18. Rab1 Qa5 19. Qb3 Qa7 20. Bf4 e5 21.
dxe5 dxe5 22. Bg5 e4 23. Be2 Kc8 24. Bb5 Rd8 25. Bxc6 bxc6 26. Bf4 Kd7 27. Qb4
Ke8 28. Rb3 Nd7 29. Reb1 f6 30. Qc3 Nc5 31. Rb8 Kf7 32. Rxd8 Rxd8 33. f3 g5 34.
Bg3 h4 35. Be1 Kg6 36. fxe4 dxe4 37. g3 Qe7 38. gxh4 g4 39. Qb3 Qd7 40. Qc3 Ne6
41. Bg3 Ng7 42. Qc4 Nf5 43. Qxe4 Qd5 44. Qxg4+ Kf7 45. Rb7+ Ne7 46. h5 Qg5 47.
Qxg5 fxg5 48. a4 Rh8 49. a5 Rxh5 50. a6 g4 51. Bd6 Ra5 52. Rxe7+ Kf6 53. a7 Ra6
54. Bc5 Kg5 55. Re8 Kh5 56. a8=Q Rxa8 57. Rxa8 {Black resigns} 1-0  aics%

[Event "Team 45 45 League T30"]
[Site "Internet Chess Club"]
[Date "2006.05.15"]
[Round "8"]
[White "DayDream01"]
[Black "Dalcon"]
[Result "0-1"]
[WhiteElo "1147"]
[BlackElo "1360"]
[TimeControl "2700+45"]

1. Nf3 Nf6 2. g3 d6 3. d4 g6 4. Bg2 Bg7 5. Nbd2 O-O 6. O-O Nc6 7. c3 Re8 8. Re1
e5 9. e4 exd4 10. Nxd4 Bg4 11. N2f3 Nxe4 12. Qb3 Nc5 13. Nxc6 bxc6 14. Qc4 Bxf3
15. Rxe8+ Qxe8 16. Bxf3 Qd7 17. Qe2 d5 18. Bf4 Ne6 19. Be5 f6 20. Bd4 c5 21. Bg4
Re8 22. Be3 h5 23. Bxe6+ Qxe6 24. Re1 d4 25. Qf1 dxe3 26. Rxe3 Qd7 27. Qc4+ Kh7
28. Qxc5 Rxe3 29. Qxe3 c6 30. Kg2 Qd5+ 31. Qf3 Qxa2 32. b4 Qd5 33. Qxd5 cxd5 34.
Kf3 f5 35. Ke3 Bxc3 36. b5 d4+ 37. Kd3 Ba1 38. Kc4 Kg7 39. f3 Kf6 40. h3 Ke6 41.
g4 fxg4 42. fxg4 hxg4 43. hxg4 Kd6 44. Kd3 Kc5 45. Kd2 Kc4 46. Kc2 d3+ 47. Kd2
Bc3+ 48. Kd1 Kd4 49. g5 Ke3 50. b6 axb6 51. Kc1 Ke2 52. Kb1 d2 53. Kc2 Bh8
{White resigns} 0-1  aics%

[Event "Team 45 45 League T30"]
[Site "Internet Chess Club"]
[Date "2006.05.14"]
[Round "8"]
[White "GLuft"]
[Black "ffplayer"]
[Result "0-1"]
[WhiteElo "1230"]
[BlackElo "1199"]
[TimeControl "2700+45"]

1. e4 e5 2. Nf3 Nc6 3. Bc4 Nf6 4. d3 Bb4+ 5. c3 Bc5 6. Qe2 d5 7. Bb5 O-O 8. Nbd2
a6 9. Bxc6 bxc6 10. Nxe5 Bb7 11. Nb3 Bb6 12. Be3 Re8 13. Bd4 Bxd4 14. cxd4 Nd7
15. Nxd7 Qxd7 16. Nc5 Qc8 17. O-O Rb8 18. Nxb7 Rxb7 19. Rac1 Qd7 20. Rfe1 Rbb8
21. Qc2 g6 22. f3 Ra8 23. Qxc6 Qxc6 24. Rxc6 Ra7 25. Kf2 Re6 26. Rxe6 fxe6 27.
exd5 exd5 28. Re7 Rb7 29. b3 a5 30. Rd7 a4 31. g4 axb3 32. axb3 Rxb3 33. Ke3 Rb2
34. h4 c6 35. Rd6 Rb6 36. g5 Kg7 37. Rf6 h6 38. Kf4 hxg5+ 39. hxg5 Rb3 40. Rxc6
Rxd3 41. Ke5 Rxf3 42. Rf6 Rxf6 43. gxf6+ Kf7 44. Kxd5 Kxf6 45. Ke4 Ke6 46. d5+
Kd6 47. Kd4 g5 48. Ke3 Kxd5 49. Kf3 Ke5 50. Kg4 Kf6 51. Kg3 Kf5 52. Kf3 g4+ 53.
Kg3 Kg5 54. Kg2 Kf4 55. Kf2 g3+ 56. Kg2 Kg4 57. Kf1 Kf3 58. Kg1 g2 59. Kh2 Kf2
{White resigns} 0-1  aics%

[Event "Team 45 45 League T30"]
[Site "Internet Chess Club"]
[Date "2006.05.16"]
[Round "8"]
[White "Quoyle"]
[Black "MSStateBulldog"]
[Result "0-1"]
[WhiteElo "2431"]
[BlackElo "2430"]
[TimeControl "2700+45"]

1. d4 d5 2. Nf3 Nf6 3. c4 e6 4. Nc3 c6 5. Bg5 h6 6. Bh4 dxc4 7. e4 g5 8. Bg3 b5
9. Be2 Bb7 10. h4 g4 11. Ne5 h5 12. O-O Nbd7 13. Qc2 Be7 14. Rad1 Qb6 15. Nxd7
Nxd7 16. d5 e5 17. dxc6 Qxc6 18. Nd5 Rc8 19. Qd2 Bd8 20. f4 Qg6 21. f5 Qh6 22.
Qb4 Qc6 23. Kh2 f6 24. Rfe1 Kf7 25. Bf1 a6 26. a4 Nc5 27. axb5 axb5 28. Bf2 Re8
29. Qd2 Kg7 30. Qe3 Nb3 31. Re2 Ba5 32. Rc2 Rcd8 33. Be2 Nd4 34. Rcc1 Nb3 35.
Rb1 Kh7 36. Qa7 Kg7 37. Bf1 Ra8 38. Qe3 Rad8 39. g3 Rd6 40. Bg2 Red8 41. Nxf6
Rxf6 42. Qg5+ Kf8 43. Qxh5 b4 44. Qh8+ Ke7 45. Qg7+ Ke8 46. Qxg4 Kf8 47. Qh5 Rh6
48. Qg5 Qf6 49. Qe3 Rxd1 50. Rxd1 Bb6 51. Qe1 Bxf2 52. Qxb4+ Nc5 53. Qxc4 Rxh4+
54. Bh3 Bxg3+ 55. Kg1 Bf2+ 56. Kxf2 Nxe4+ 57. Kf1 {White resigns} 0-1  aics%

[Event "Team 45 45 League T30"]
[Site "Internet Chess Club"]
[Date "2006.05.13"]
[Round "8"]
[White "AnantDole"]
[Black "phoenix10q72"]
[Result "1-0"]
[WhiteElo "2214"]
[BlackElo "2342"]
[TimeControl "2700+45"]

1. e4 c5 2. Nf3 d6 3. d4 cxd4 4. Nxd4 f6 5. Nc3 g6 6. Bc4 Nh6 7. Be3 Bg7 8. Bb5+
Kf8 9. h3 a6 10. Bc4 Nc6 11. Nd5 Nxd4 12. Bxd4 Be6 13. Qe2 Rc8 14. Bb3 Rc6 15.
O-O Bf7 16. Rfd1 e5 17. Be3 f5 18. f3 f4 19. Bf2 Ng8 20. Qd2 Nf6 21. Nb4 Rb6 22.
Bxb6 Qxb6+ 23. Kh2 Bxb3 24. cxb3 Ke7 25. Rac1 h5 26. Qc3 Rd8 27. Qc7+ Qxc7 28.
Rxc7+ Rd7 29. Nd5+ Nxd5 30. Rxd7+ Kxd7 31. Rxd5 Kc6 32. Kg1 Bf6 33. Kf1 Bd8 34.
Ke2 Bb6 35. Kd3 Be3 36. b4 Bc1 37. Kc3 Be3 38. a4 b5 39. b3 Bf2 40. Kd2 Be3+ 41.
Kc2 Bf2 42. Kd1 Be3 43. Rd3 Bf2 44. Rc3+ Kb7 45. Ke2 Bg1 46. Kf1 Bb6 47. Ke2 h4
48. Rc1 Be3 49. Rc3 Bb6 50. Rc1 Be3 51. Rd1 Kc6 52. axb5+ axb5 53. Ra1 Bd4 54.
Ra8 Kb6 55. Rb8+ Ka6 56. Rd8 Bc3 57. Rxd6+ Kb7 58. Rd5 Kb6 59. Kd3 Bxb4 60. Rxe5
Be1 61. Re6+ Ka5 62. Rxg6 Kb4 63. Rb6 Bf2 64. Rb7 Kc5 65. e5 b4 66. e6 Kd6 67.
e7 {Black resigns} 1-0  aics%

[Event "Team 45 45 League T30"]
[Site "Internet Chess Club"]
[Date "2006.05.14"]
[Round "8"]
[White "jorobo"]
[Black "Ozgur-Bjk"]
[Result "1-0"]
[WhiteElo "2224"]
[BlackElo "2137"]
[TimeControl "2700+45"]

1. c4 e6 2. Nc3 d5 3. d4 Nf6 4. Bg5 Be7 5. e3 O-O 6. Nf3 h6 7. Bh4 b6 8. Rc1 Bb7
9. Bxf6 Bxf6 10. cxd5 exd5 11. Bd3 Nd7 12. O-O c5 13. dxc5 bxc5 14. Bb1 Bxc3 15.
Rxc3 Qb6 16. Qc2 g6 17. Rd1 Rac8 18. h4 Nf6 19. Rb3 Qc7 20. Qc3 Ne4 21. Qe5 Rfe8
22. Qxc7 Rxc7 23. Ra3 Bc6 24. Ra5 Rb8 25. Bxe4 dxe4 26. Ne5 Bb5 27. b3 a6 28.
Rd5 Kg7 29. g4 c4 30. Nxc4 Bxc4 31. bxc4 Rxc4 32. Rxa6 Rc2 33. g5 hxg5 34. hxg5
Rbb2 35. Rf6 Rc7 36. a4 Ra2 37. Ra6 Rcc2 38. Rf6 Rc7 39. Ra5 Ra1+ 40. Kg2 Rcc1
41. Kg3 Rh1 42. Kf4 Rh4+ 43. Ke5 Rg1 44. Kd4 Rd1+ 45. Kc5 Rh8 46. Ra7 Rc8+ 47.
Kb6 Rf8 48. a5 Rb8+ 49. Ka6 Rf8 50. Kb7 Rd5 51. a6 Rxg5 52. Rb6 Re5 53. Rc6 Rb5+
54. Kc7 Rb2 55. Rb7 Rxf2 56. Rb8 Ra2 57. Rxf8 Kxf8 58. Kb7 Kg7 59. a7 Rxa7+ 60.
Kxa7 Kh6 61. Rf6 Kg7 62. Rf4 f5 63. Kb6 Kf6 64. Kc5 g5 65. Rf1 Ke5 66. Rg1 g4
67. Kc4 f4 68. Rxg4 fxe3 69. Kc3 Kf5 70. Rh4 Ke5 71. Kc2 Kd4 72. Kd1 Kd3 73. Ke1
{Black resigns} 1-0  aics%

[Event "Team 45 45 League T30"]
[Site "Internet Chess Club"]
[Date "2006.05.16"]
[Round "8"]
[White "Allessia"]
[Black "Knight77"]
[Result "1-0"]
[WhiteElo "2157"]
[BlackElo "1794"]
[TimeControl "2700+45"]

1. e4 c5 2. Nc3 Nc6 3. g3 g6 4. Bg2 Bg7 5. d3 d6 6. f4 e5 7. Nf3 Nge7 8. O-O O-O
9. Be3 b5 10. fxe5 Nxe5 11. Nxe5 Bxe5 12. Bh6 Re8 13. Bg5 Be6 14. Qf3 Qd7 15.
Bf6 Nc6 16. Qf2 Nd4 17. Bxe5 dxe5 18. Nd5 Bxd5 19. exd5 Rac8 20. c3 Nf5 21. g4
Nd6 22. g5 Qe7 23. Qd2 e4 24. dxe4 Nxe4 25. Bxe4 Qxe4 26. Rae1 Qg4+ 27. Qg2
Qxg2+ 28. Kxg2 Kf8 29. Kf3 Red8 30. Re5 Rd6 31. Ke4 Rc7 32. b3 c4 33. Rf6 cxb3
34. axb3 Rxf6 35. gxf6 Rc8 36. d6 a6 37. Kd5 a5 38. d7 Ra8 39. Kc6 Ra6+ 40. Kb7
Rd6 41. Re8# {Black checkmated} 1-0  aics%